 Dungeon Crawl Stone Soup version 0.27.1-34-g3ba077fa99 (webtiles) character file.

Game seed: 8429677011247625432

45 Descartes the Grasshopper (level 3, -6/27 HPs)
             Began as a Formicid Warper on Jan 16, 2022.
             Was a Believer of Uskayaw.
             Mangled by a phantom (7 damage)
             ... on level 2 of the Dungeon.
             The game lasted 00:03:03 (2167 turns).

Descartes the Grasshopper (Formicid Warper)         Turns: 2167, Time: 00:03:03

Health: -6/27      AC:  3    Str: 16    XL:     3   Next: 90%
Magic:  6/6        EV: 11    Int: 12    God:    Uskayaw [**....]
Gold:   43         SH:  0    Dex: 10    Spells: 6/6 levels left

rFire    . . .     SeeInvis +   a - +0 mace
rCold    . . .     Faith    .   (no shield)
rNeg     . . .     Spirit   .   b - +0 leather armour
rPois    .         Reflect  .   (helmet unavailable)
rElec    .         Harm     .   (no cloak)
rCorr    .         Rampage  .   (no gloves)
Will     .....                  (no boots)
Stlth    +.........             e - amulet of magic regeneration
HPRegen  0.09/turn              (no ring)
MPRegen  0.35/turn              (no ring)

@: no status effects
A: permanent stasis, dig shafts and tunnels, antennae 3, four strong arms
a: Dig, Shaft Self, Renounce Religion, Stomp, Line Pass


You were on level 2 of the Dungeon.
You worshipped Uskayaw.
Uskayaw was noncommittal.
You visited 1 branch of the dungeon, and saw 2 of its levels.

You collected 43 gold pieces.

Inventory:

Hand Weapons
 a - a +0 mace (weapon)
Missiles
 c - 5 boomerangs of dispersal (quivered)
Armour
 b - a +0 leather armour (worn)
Jewellery
 e - an amulet of magic regeneration (around neck)
 f - a ring of willpower
Scrolls
 d - a scroll of noise {unknown}
 g - a scroll of teleportation {unknown}
 h - a scroll of blinking {unknown}
Potions
 i - a potion of heal wounds {unknown}


   Skills:
 - Level 2.1 Fighting
 - Level 2.1 Maces & Flails
 - Level 1.0 Throwing
 + Level 2.5 Armour
 - Level 1.7 Dodging
 - Level 2.2 Spellcasting
 + Level 3.4 Translocations


You had 6 spell levels left.
You didn't know any spells.
Your spell library contained the following spells:

 Spells                   Type           Power      Damage    Failure   Level
 Gell's Gravitas          Tloc           4%         N/A       22%         3
 Lesser Beckoning         Tloc           4%         N/A       22%         3
 Teleport Other           Tloc           9%         N/A       22%         3
 Manifold Assault         Tloc           9%         N/A       91%         5
 Olgreb's Toxic Radiance  Pois           1%         N/A       97%         4
 Blink                    Tloc           Unusable   N/A       N/A         2

Dungeon Overview and Level Annotations

Branches:
Dungeon (2/15)

Altars:
Uskayaw


Innate Abilities, Weirdness & Mutations

You cannot be hasted, slowed, berserked, paralysed or teleported.
You can dig through walls and to a lower floor.
You have a pair of large antennae on your head. (SInv)
Your four strong arms can wield two-handed weapons with a shield.


Message History

The phantom is lightly damaged.
The phantom hits you.
You are too injured to fight recklessly!
You are too injured to fight recklessly!
You are too injured to fight recklessly!
You are too injured to fight recklessly!
You are too injured to fight recklessly!
You are too injured to fight recklessly!
You are too injured to fight recklessly!
You are too injured to fight recklessly!
You are too injured to fight recklessly!
You are too injured to fight recklessly!
You are too injured to fight recklessly!
You are too injured to fight recklessly!
You are too injured to fight recklessly!
You are too injured to fight recklessly!
You are too injured to fight recklessly!
You are too injured to fight recklessly!
You hit the phantom.
The phantom is lightly damaged.
The phantom barely misses you.
You hit the phantom.
The phantom is moderately damaged.
The phantom barely misses you. The phantom hits you.
You closely miss the phantom.
The phantom is moderately damaged.
The phantom hits you but does no damage.
You hit the phantom but do no damage.
The phantom is moderately damaged.
The phantom hits you.
* * * LOW HITPOINT WARNING * * *
You hit the phantom.
The phantom is heavily damaged.
The phantom hits you.
* * * LOW HITPOINT WARNING * * *
You can now pass through a line of other dancers.
You hit the phantom.
The phantom is heavily damaged.
The phantom hits you!
You die...

### ## #.. .# #######
#.# .# { #.....# #.#
.#
#.....####.####W#.####
#...........#.@...$...
#.....#.##......#.###.
#.....#.#.....#.#
###.†##.......#.#
####..#####......#
#.....#####..###.#
#.##.........# .#
#.##..######.. .#
#.##..# ...#


You could see a phantom.

Vanquished Creatures
  An adder (D:2)
  3 endoplasms
  A giant cockroach (D:1)
  5 goblins
  2 hobgoblins
  3 jackals (D:1)
  3 kobolds
  5 ball pythons
  4 bats (D:1)
  3 frilled lizards
  A quokka skeleton (D:2)
  4 rats
35 creatures vanquished.

Notes
Turn   | Place    | Note
-------+----------+-------------------------------------------
     0 | D:1      | Descartes the Formicid Warper began the quest for the Orb.
     0 | D:1      | Reached XP level 1. HP: 16/16 MP: 3/3
   151 | D:1      | Got Neisonkoev's Handbook of the Toxic Traveller
   153 | D:1      | Found a faded altar of an unknown god.
   172 | D:1      | Reached XP level 2. HP: 13/22 MP: 5/5
   309 | D:1      | Became a worshipper of Uskayaw the Reveller
   309 | D:1      | Reached * piety under Uskayaw
   641 | D:1      | Reached skill level 3 in Translocations
   809 | D:1      | Reached ** piety under Uskayaw
  1137 | D:1      | Reached XP level 3. HP: 26/27 MP: 6/6
  1889 | D:2      | Reached *** piety under Uskayaw
  2157 | D:2      | Noticed a phantom
  2166 | D:2      | HP: 1/27 [phantom (4)]
  2167 | D:2      | Mangled by a phantom

Illustrated notes

Levels and vault maps discovered:
D:1:      saegor_arrival_simple_e, layout_basic,
          hellmonk_ecumenical_altar_dog_temple, lemuel_another_geyser
D:2:      layout_loops_corners, serial_shops,
          nicolae_shop_temple_entry_statues_fountains, uniq_terence

Skill      XL: |  1  2 |
---------------+-------+-----
Translocations | 3 |  3.4
Armour         | 2 |  2.5
Fighting       | |  2.1
Maces & Flails | |  2.1
Throwing       | |  1.0
Dodging        | |  1.7
Spellcasting   | |  2.2

Action                   || total
-------------------------++-------
Melee: Mace              ||   132
 Abil: Dig               ||     4
Armor: Leather armour    ||    44
Dodge: Dodged            ||    90
